 Dungeon Crawl Stone Soup version 0.27.0-1-g7a089689b8 (webtiles) character file.

Game seed: 8293684096973787455

49 dinky the Sneak (level 3, -6/24 HPs)
             Began as a Spriggan Enchanter on Aug 4, 2021.
             Was a Plaything of Xom.
             Mangled by a gnoll shaman (11 damage)
             ... on level 4 of the Dungeon.
             The game lasted 00:04:56 (1439 turns).

dinky the Sneak (Spriggan Enchanter)                Turns: 1439, Time: 00:04:57

Health: -6/24      AC:  2    Str:  3 (4)  XL:     3   Next: 51%
Magic:  4/8        EV: 17    Int: 15 (17) God:    Xom [..*...]
Gold:   128        SH:  0    Dex: 14 (15) Spells: 1/8 levels left

rFire    . . .     SeeInvis +   a - +1 dagger
rCold    . . .     Faith    .   (shield restricted)
rNeg     . . .     Spirit   .   b - +0 robe
rPois    .         Reflect  .   (helmet restricted)
rElec    .         Harm     .   (no cloak)
rCorr    .         Rampage  .   (gloves unavailable)
Will     .....                  (boots unavailable)
Stlth    ..........             (no amulet)
HPRegen  0.08/turn              (no ring)
MPRegen  0.11/turn              (no ring)

@: berserking, attractive, flying, very quick
A: very small, no large weapons, unfitting armour, see invisible, speed 3
a: Renounce Religion


You were on level 4 of the Dungeon.
You worshipped Xom.
You were a toy of Xom.
You visited 1 branch of the dungeon, and saw 4 of its levels.

You collected 128 gold pieces.

Inventory:

Hand Weapons
 a - a +1 dagger (weapon)
Missiles
 e - 3 boomerangs
Armour
 b - a +0 robe (worn)
Potions
 c - 2 potions of curing
 f - a potion of heal wounds


   Skills:
 + Level 2.1 Short Blades
 - Level 2.6 Dodging
 + Level 5.1 Stealth
 + Level 3.3 Spellcasting
 + Level 4.1 Hexes


You had one spell level left.
You knew the following spells:

 Your Spells              Type           Power      Damage    Failure   Level
a - Corona                Hex            16%        N/A       3%          1
c - Confusing Touch       Hex            15%        N/A       11%         3
d - Tukima's Dance        Hex            15%        N/A       11%         3

Your spell library contained the following spells:

 Spells                   Type           Power      Damage    Failure   Level
 Ensorcelled Hibernation  Hex/Ice        16%        N/A       12%         2
 Dazzling Flash           Conj/Hex       16%        N/A       24%         3
 Gell's Gravitas          Tloc           1%         N/A       50%         3
 Teleport Other           Tloc           2%         N/A       50%         3
 Dispersal                Tloc           1%         N/A       100%        6


Dungeon Overview and Level Annotations

Branches:
Dungeon (4/15)
 Temple: D:4-7

Altars:
Ru
Xom


Innate Abilities, Weirdness & Mutations

You are very small and have problems with some larger weapons.
You are too small for most types of armour.
You have supernaturally acute eyesight. (SInv)
You cover ground extremely quickly. (Speed+++)


Message History

You fly up into the air.
Xom roars with laughter!
The gnoll hits you with a +0 spear. The gnoll misses you.
It was a potion of degeneration.
There was something very wrong with that liquid.
You feel weakened.
You feel dopey.
You feel clumsy. The gnoll closely misses you.
The gnoll shaman shouts!
You aren't carrying any scrolls.
Okay, then.
Okay, then.
Casting: Tukima's Dance (extremely dangerous; 11% risk of failure)
Confirm with . or Enter, or press ? or * to list all spells.
Okay, then.
Casting: Tukima's Dance (extremely dangerous; 11% risk of failure)
Confirm with . or Enter, or press ? or * to list all spells.
The spell is extremely dangerous to cast (11% risk of failure)!
Continue anyway?
Your hands begin to glow red.
Xom grants you a minor favour.
A red film seems to cover your vision as you go berserk!
You feel yourself moving faster!
You feel mighty!
The gnoll hits you from afar with a +0 spear!
* * * LOW HITPOINT WARNING * * *
The gnoll misses you.
You hit the gnoll but do no damage.
The gnoll appears confused.
The gnoll shaman misses you.
Press: ? - help, v - describe, . - travel
Here: a gnoll, wielding a +0 spear The floor.
Unknown command.
You hit the gnoll.
The gnoll is moderately wounded.
The gnoll hits you from afar with a +0 spear.
* * * LOW HITPOINT WARNING * * *
You emit a cloud of colourful smoke!
You hit the gnoll.
The gnoll is heavily wounded.
The gnoll shaman hits you with a +0 whip!
You die...
Xom is highly amused!

,,,**,* *,* *,,*
,,,**,* *,******,,*
,,,**,* *,,,,,,,,,*
,,,**,**********,,*
,,,,,,,,,,,,,,,,,,*
,,,**,****************
,,,**,* *,,,,,,,,,*
,,,**,* *,#######,*
,,,**,* *,#§g@g§#,*
*,,**,* *,#§###g#,*
*,,**,* *,#.# *,#,*
**,**,* *,#.# *,*,*
**,**,* *,#.# *.#,*
**,**,* *,#g###g#,*
**,**,******,#...#g#,*
*,,,,,,,,,,*,###.#)#,*
***,*,*,,,,*,* #.#.#,#


You could see a gnoll shaman and 2 gnolls.

Vanquished Creatures
  An orc wizard (D:2)
  2 orcs
  3 bats (D:1)
  2 endoplasms (D:1)
  A giant cockroach (D:1)
  4 jackals (D:1)
  2 kobolds (D:1)
  A quokka (D:1)
  A frilled lizard (D:2)
  3 rats
20 creatures vanquished.

Vanquished Creatures (others)
  A dancing weapon (D:4)
  A plant (D:1)
2 creatures vanquished.

Grand Total: 22 creatures vanquished

Notes
Turn   | Place    | Note
-------+----------+-------------------------------------------
     0 | D:1      | dinky the Spriggan Enchanter began the quest for the Orb.
     0 | D:1      | Reached XP level 1. HP: 9/9 MP: 5/5
   361 | D:1      | Reached XP level 2. HP: 4/13 MP: 4/6
   962 | D:2      | Reached skill level 5 in Stealth
   962 | D:2      | Reached XP level 3. HP: 16/16 MP: 8/8
   977 | D:3      | Learned a level 3 spell: Tukima's Dance
  1086 | D:2      | Learned a level 3 spell: Confusing Touch
  1373 | D:3      | Found a sacrificial altar of Ru.
  1376 | D:3      | Found a shimmering altar of Xom.
  1390 | D:3      | Became a worshipper of Xom the Capricious
  1436 | D:4      | XOM: potion effect (berserk rage)
  1438 | D:4      | XOM: smoke on damage
  1439 | D:4      | Mangled by a gnoll shaman

Illustrated notes

Levels and vault maps discovered:
D:1:      wander_arrival_fairy_ring, layout_basic, serial_co_window_serial,
          co_window_corner_a, co_window_corner_a, co_window_paths_b,
          co_window_paths_a, co_window_corner_a, co_window_corner_a,
          co_window_2corner, co_window_of_opportunity_c, co_window_broadway_a,
          co_window_paths_d, co_window_4corner_b, glass_columns_b,
          glass_columns_b, glass_columns_c
D:2:      layout_loops_ring, serial_shops, nicolae_shop_crystal,
          minmay_hedge_maze, grunt_decor_fettered, uniq_terence
D:3:      layout_basic, mainiacjoe_overflow_large_starburst,
          dilly_ecumenical_altar_fadedgnrine, st_stairs_3, uniq_natasha
D:4:      gammafunk_cloud_chamber, layout_basic, lemuel_crystal_altar,
          lightli_corner_chamber

Skill      XL: |  1  2 |
---------------+-------+-----
Spellcasting   | 3 |  3.3
Short Blades   | 2 |  2.1
Stealth        | 5 |  5.1
Hexes          | 4 |  4.1
Dodging        | |  2.6

Action                   || total
-------------------------++-------
Melee: Dagger            ||    96
 Cast: Corona            ||     9
       Confusing Touch   ||     2
       Tukima's Dance    ||     1
  Use: Potion            ||     5
       Scroll            ||     2
 Stab: Sleeping          ||     8
       Confused          ||     1
Armor: Robe              ||    15
Dodge: Dodged            ||    94
